 Dungeon Crawl Stone Soup version 0.29.1-1-gd02db6906a (webtiles) character file.

Game seed: 16109928682441127195

41 Ashen the Magician (level 3, 0/25 HPs)
             Began as a Demonspawn Hedge Wizard on Oct 12, 2022.
             Slain by Natasha (6 damage)
             ... on level 3 of the Dungeon.
             The game lasted 00:03:39 (1919 turns).

Ashen the Magician (Demonspawn Hedge Wizard)        Turns: 1919, Time: 00:03:40

Health: 0/25       AC:  5    Str: 10    XL:     3   Next: 32%
Magic:  1/7        EV: 11    Int: 17    God:
Gold:   77         SH:  0    Dex: 12    Spells: 0/8 levels left

rFire   . . .      SeeInvis .   a - +0 dagger
rCold   . . .      Faith    .   (no shield)
rNeg    . . .      Spirit   .   m - +0 leather armour
rPois   .          Reflect  .   c - +0 hat
rElec   .          Harm     .   (no cloak)
rCorr   .          Rampage  .   (no gloves)
Will    .....                   (no boots)
Stlth   ++........              (no amulet)
HPRegen 0.08/turn               (no ring)
MPRegen 0.10/turn               (no ring)

@: no status effects
A: slimy green scales 1
a: no special abilities


You were on level 3 of the Dungeon.
You visited 1 branch of the dungeon, and saw 3 of its levels.

You collected 77 gold pieces.

Inventory:

Hand Weapons
 a - a +0 dagger (weapon)
Armour
 b - a +0 robe
 c - a +0 hat (worn)
 m - a +0 leather armour (worn)
Wands
 g - a wand of iceblast (5)
Scrolls
 e - a scroll of identify {unknown}
 i - 2 scrolls of fear {unknown}
 k - a scroll of teleportation {unknown}
 l - a scroll of noise {unknown}
Potions
 d - a potion of magic
 f - a potion of haste {unknown}
 h - a potion of invisibility {unknown}
 j - 2 potions of lignification {unknown}
 n - a potion of heal wounds {unknown}


   Skills:
 + Level 0.7 Fighting
 + Level 2.1 Dodging
 + Level 2.1 Stealth
 * Level 3.3 Spellcasting
 * Level 2.0 Conjurations
 - Level 1.0 Summonings
 - Level 0.8 Translocations


You couldn't memorise any spells.
You knew the following spells:

 Your Spells              Type           Power      Damage    Failure   Level
a - Magic Dart            Conj           36%        1d4       10%         1
b - Call Imp              Summ           6%         N/A       22%         2
c - Blink                 Tloc           10%        N/A       24%         2
d - Mephitic Cloud        Conj/Pois/Air  5%         N/A       45%         3

Your spell library contained the following spells:

 Spells                   Type           Power      Damage    Failure   Level
 Slow                     Hex            8%         N/A       24%         1
 Conjure Flame            Conj/Fire      6%         6-21      41%         3


Dungeon Overview and Level Annotations

Branches:
Dungeon (3/15)

Altars:

Annotations:
D:3 Natasha


Innate Abilities, Weirdness & Mutations

You are partially covered in slimy green scales. (AC +2)


Message History

Press: ? - help, Shift-Dir - straight line, f/p - Natasha
Aim: Natasha (lightly wounded, 100% to hit)
The magic dart hits Natasha.
Natasha is moderately wounded.
Natasha closely misses you.
Casting: Magic Dart (safe; 10% risk of failure)
Confirm with . or Enter, or press ? or * to list all spells.
A beastly little devil appears in a puff of flame.
Your crimson imp says, "You called?"
Natasha misses you.
You barely miss Natasha.
Natasha is moderately wounded.
Natasha claws you.
You closely miss Natasha.
Natasha is moderately wounded.
Natasha claws you.
You barely miss Natasha.
Natasha is moderately wounded.
Natasha claws you but does no damage.
Your crimson imp blinks!
You closely miss Natasha.
Natasha is moderately wounded.
Natasha claws you!
* * * LOW HITPOINT WARNING * * *
Casting: Call Imp (safe; 22% risk of failure)
Confirm with . or Enter, or press ? or * to list all spells.
Aiming: Magic Dart (safe; 10% risk of failure)
Press: ? - help, Shift-Dir - straight line, f/p - Natasha
Aim: Natasha (moderately wounded, ally target, 100% to hit)
The magic dart hits Natasha but does no damage.
Natasha is moderately wounded.
Natasha claws you but does no damage.
Your magical contamination has completely faded away.
Aiming: Iceblast
Press: ? - help, Shift-Dir - straight line, p - Natasha The mass of ice explodes!
The iceblast engulfs Natasha!
Natasha is almost dead.
You hear a bark!
Natasha claws you.
You die...

######### #.......#
#.....[.# #.......#
#.......# ###.......#
#.......# ..........#
#.......# ..........#
#.......# ........###
#.......# ........#
#.h..5..# ...#+####
#.@.....# ##....####
#.......#
.#.#.....######.........
.#.##.#.........##+#####
.#.##.#...#.#.###
..........#...####.#
.............<.....#
#.##....#...########
#.##........#


You could see Natasha (ally target) and a friendly crimson imp (summoned).

Vanquished Creatures
  A dart slug (D:2)
  3 bats
  3 endoplasms
  2 giant cockroaches
  3 goblins
  4 hobgoblins
  A quokka (D:1)
  2 ball pythons (D:1)
  2 frilled lizards (D:1)
  5 kobolds
  5 rats
31 creatures vanquished.

Vanquished Creatures (collateral kills)
  A worm (D:3)
  A giant cockroach (D:3)
2 creatures vanquished.

Vanquished Creatures (others)
  8 fungi (D:3)
  4 plants (D:3)
12 creatures vanquished.

Grand Total: 45 creatures vanquished

Notes
Turn   | Place    | Note
-------+----------+-------------------------------------------
     0 | D:1      | Ashen the Demonspawn Hedge Wizard began the quest for the
                  | Orb.
     0 | D:1      | Reached XP level 1. HP: 13/13 MP: 4/4
   242 | D:1      | Gained mutation: You are partially covered in slimy green
                  | scales. (AC +2) [demonic ancestry]
   242 | D:1      | Reached XP level 2. HP: 9/19 MP: 0/6
   818 | D:1      | Found a faded altar of an unknown god.
  1237 | D:2      | Reached XP level 3. HP: 25/25 MP: 3/7
  1841 | D:3      | Learned a level 2 spell: Call Imp
  1844 | D:3      | Learned a level 2 spell: Blink
  1848 | D:3      | Learned a level 3 spell: Mephitic Cloud
  1906 | D:3      | Noticed Natasha
  1919 | D:3      | Slain by Natasha

Illustrated notes

Levels and vault maps discovered:
D:1:      tarquinn_simple_flora_water_f, layout_rooms,
          shapermc_ecumenical_altar_notcrosses
D:2:      layout_loops_ring, chequers_serial_rivers_small_3
D:3:      minmay_skewed_foursquare, layout_basic,
          nicolae_overflow_crystal_walls, fedhas_altar_3, uniq_natasha,
          uniq_crazy_yiuf_cottage

Skill      XL: |  1  2  3 |
---------------+----------+-----
Dodging        | 2 |  2.1
Stealth        | 2 |  2.1
Conjurations   | 2 |  2.0
Fighting       | |  0.7
Spellcasting   | |  3.3
Summonings     | |  1.0
Translocations | |  0.8

Action                   || total
-------------------------++-------
Melee: Dagger            ||    30
       Whip              ||     1
 Cast: Magic Dart        ||    60
       Call Imp          ||     2
Evoke: Wand              ||     1
Armor: Robe              ||     9
       Leather armour    ||     2
Dodge: Dodged            ||    23
